 Dungeon Crawl Stone Soup version 0.26-a0-784-g51bffae0b1 (webtiles) character file.

Game seed: 10289829799232426590

984 Kinoniko the Carver (level 8, -2/59 HPs)
             Began as a Hill Orc Fighter on Nov 10, 2020.
             Killed from afar by an orc wizard (4 damage)
             ... with a magic dart
             ... on level 5 of the Dungeon.
             The game lasted 00:05:37 (4674 turns).

Kinoniko the Carver (Hill Orc Fighter)              Turns: 4674, Time: 00:05:38

Health: -2/59      AC: 13    Str: 19    XL:     8   Next: 18%
Magic:  8/8        EV:  3    Int:  8    God:
Gold:   303        SH: 10    Dex: 12    Spells: 7/7 levels left

rFire    . . .     SeeInvis .   a - +0 long sword
rCold    . . .     Faith    .   c - +1 kite shield
rNeg     . . .     Spirit   .   f - +0 plate armour
rPois    .         Reflect  .   g - +0 helmet
rElec    .         Harm     .   m - +0 cloak
rCorr    .         Rampage  .   (no gloves)
MR       .....                  (no boots)
Stlth    ..........             (no amulet)
HPRegen  0.19/turn              (no ring)
MPRegen  0.11/turn              (no ring)

@: mighty, lethally poisoned (-2 -> -46)
A: deterioration 1, frail 1, mutation resistance 1
a: no special abilities


You were on level 5 of the Dungeon.
You visited 2 branches of the dungeon, and saw 6 of its levels.

You collected 303 gold pieces.

Inventory:

Hand Weapons
 a - a +0 long sword (weapon)
Armour
 c - a +1 kite shield (worn)
 f - a +0 plate armour (worn)
 g - a +0 helmet (worn)
 m - a +0 cloak (worn)
Jewellery
 e - an uncursed ring of see invisible
 v - an uncursed ring of flight
Wands
 b - a wand of flame (39)
 t - a wand of paralysis (8)
Scrolls
 h - a scroll of amnesia
 j - a scroll of teleportation
 k - a scroll of random uselessness
 l - a scroll of remove curse
 r - a scroll of magic mapping
 u - 2 scrolls of blinking
Potions
 i - 2 potions of degeneration


   Skills:
 - Level 3.9 Fighting
 * Level 9.9 Long Blades
 - Level 3.5 Armour
 - Level 3.6 Shields


You had 7 spell levels left.
You didn't know any spells.
Your spell library was empty.

Dungeon Overview and Level Annotations

Branches:
Dungeon (5/15)             Temple (1/1) D:5

Altars:
Ashenzari
Cheibriados
Dithmenos
Elyvilon
Fedhas
Hepliaklqana
Makhleb
Nemelex Xobeh
Okawaru
Ru
Sif Muna
Uskayaw
Vehumet
Wu Jian
Xom
Yredelemnul
Zin


Innate Abilities, Weirdness & Mutations

Your body sometimes deteriorates upon taking damage.
You are frail. (-10% HP)
You are somewhat resistant to further mutation.


Message History

You feel very sick. Something hits you but does no damage.
The worker ant bites you.
* * * LOW HITPOINT WARNING * * *
You are more poisoned.
The worker ant poisons you! You block the orc's attack.
You slash the orc!
You kill the orc!
* * * LOW HITPOINT WARNING * * *
You feel very sick. Something hits you but does no damage.
The worker ant bites you but does no damage.
Unknown command.
Okay, then.
You closely miss something.
* * * LOW HITPOINT WARNING * * *
You feel very sick.
You hear some strange, mumbled words.
A magic dart appears from out of thin air!
The magic dart hits you.
You die...

,,**,,,,* #.#*..,,,,,,,##....
,,*****,*** #.##.#****,**##....
,,* *,,,###*#.#..#,,,,,,,##....
*** ***,#..##...#,,**.,**######
*,#..#...#*,*#..,* ######
*,#..#...#*,..,*,* *****
#.#..#.#.##.#***,** ,,,,*
#..>....){..# *,,* ,,,,*
#####..)@)..#* **,**** ,,,,*
##.##B...#* *,,,,* # ,,,,*
##.#......#*****,* # *+*,*
####).#........** #.* #
+∩+,****##.......#.##...,###.* #
*+*,,..##..e.........$...,...####
,,,,,#..........##...,....*#.....
,,,,,,.#####.##..####***#.*##.###
*****,,....#..##.########.###..##


You could see a worker ant.

Vanquished Creatures
  Grinder (D:4)
  Duvessa (D:5)
  A phantom (D:4)
  Blork the orc (D:4)
  Dowan (D:5)
  A howler monkey (D:4)
  A quasit (D:5)
  A hound (D:4)
  An orc priest (D:4)
  Terence (D:3)
  Ijyb (D:3)
  2 orc wizards
  2 worker ants
  Robin (D:4)
  4 adders
  A gnoll (D:1)
  A shadow imp (D:5)
  A white imp (D:5)
  An ufetubus (D:5)
  An ooze (D:1)
  An adder skeleton (D:5)
  3 dart slugs
  3 leopard geckos
  6 orcs
  3 ball pythons
  8 giant cockroaches
  17 goblins
  9 hobgoblins
  5 jackals
  9 kobolds
  2 quokkas (D:3)
  6 bats
  3 frilled lizards
  A leopard gecko zombie (D:2)
  A quokka skeleton (D:4)
  8 rats
110 creatures vanquished.

Notes
Turn   | Place    | Note
-------+----------+-------------------------------------------
     0 | D:1      | Kinoniko the Hill Orc Fighter began the quest for the Orb.
     0 | D:1      | Reached XP level 1. HP: 19/19 MP: 1/1
    29 | D:1      | Reached XP level 2. HP: 16/27 MP: 2/2
   367 | D:1      | Reached XP level 3. HP: 31/33 MP: 3/3
   401 | D:1      | Reached skill level 3 in Long Blades
  1191 | D:2      | Reached XP level 4. HP: 40/40 MP: 4/4
  1238 | D:2      | Found a hazy altar of Hepliaklqana.
  1297 | D:2      | Reached skill level 4 in Long Blades
  1969 | D:3      | Found a glowing silver altar of Zin.
  2053 | D:3      | Found a radiant altar of Vehumet.
  2378 | D:3      | Reached XP level 5. HP: 46/46 MP: 5/5
  2510 | D:3      | Reached skill level 5 in Long Blades
  2540 | D:3      | Noticed Ijyb
  2540 | D:3      | Noticed Terence
  2557 | D:3      | Killed Terence
  2567 | D:3      | Killed Ijyb
  3308 | D:4      | Found a shadowy altar of Dithmenos.
  3347 | D:4      | Noticed Grinder
  3359 | D:4      | Reached skill level 6 in Long Blades
  3359 | D:4      | Reached XP level 6. HP: 51/52 MP: 6/6
  3362 | D:4      | Noticed Blork the orc
  3375 | D:4      | Killed Grinder
  3375 | D:4      | Reached skill level 7 in Long Blades
  3375 | D:4      | Reached XP level 7. HP: 35/58 MP: 7/7
  3388 | D:4      | Gained mutation: You are frail. (-10% HP) [potion of
                  | mutation]
  3388 | D:4      | Gained mutation: Your body sometimes deteriorates upon
                  | taking damage. [potion of mutation]
  3388 | D:4      | Gained mutation: You are somewhat resistant to further
                  | mutation. [potion of mutation]
  3397 | D:4      | Killed Blork the orc
  3397 | D:4      | Reached skill level 8 in Long Blades
  4124 | D:4      | Noticed Robin
  4161 | D:4      | Killed Robin
  4358 | D:5      | Entered Level 5 of the Dungeon
  4371 | D:5      | Reached skill level 9 in Long Blades
  4422 | D:5      | Found a staircase to the Ecumenical Temple.
  4441 | Temple   | Entered the Ecumenical Temple
  4614 | D:5      | Noticed Duvessa
  4635 | D:5      | Killed Duvessa
  4635 | D:5      | Reached XP level 8. HP: 57/59 MP: 8/8
  4644 | D:5      | Noticed Dowan
  4670 | D:5      | Killed Dowan
  4674 | D:5      | HP: 2/59 [poisoned by a worker ant]
  4674 | D:5      | Killed from afar by an orc wizard

Illustrated notes

Levels and vault maps discovered:
D:1:      dpeg_chamrin_arrival_tetris, layout_basic, minmay_vboxes
D:2:      layout_loops_corners, lemuel_round_altar, grunt_ministairs_5
D:3:      layout_basic, lemuel_crystal_altar, lemuel_round_altar, uniq_ijyb,
          uniq_terence
D:4:      layout_cave_pools, kennysheep_mini, due_unseen_surprise,
          uniq_blork_the_orc, uniq_grinder, uniq_robin
D:5:      layout_rooms, minmay_temple_entry_statues_pillars, serial_shops,
          nicolae_shop_behind_doors, kennysheep_generic_room_16,
          uniq_crazy_yiuf_cottage, uniq_duvessa
Temple:   dshaligram_water_room_temple

Skill      XL: |  1  2  3  4  5  6  7 |
---------------+----------------------+-----
Long Blades    | 3 4 6 7 9 |  9.9
Fighting       | |  3.9
Armour         | |  3.5
Shields        | |  3.6

Action                   |  1- 3 |  4- 6 |  7- 9 || total
-------------------------+-------+-------+-------++-------
Melee: Long sword        |    88 |   133 |   151 ||   372
  Use: Scroll            |       |     6 |     7 ||    13
       Potion            |       |     2 |     7 ||     9
 Stab: Invisible         |       |       |     1 ||     1
Armor: Scale mail        |    47 |    37 |       ||    84
       Plate armour      |       |    58 |   120 ||   178
Dodge: Dodged            |    41 |    40 |    20 ||   101
Block: Kite shield       |    52 |    64 |   110 ||   226
       Rpst.: Long sword |    18 |    11 |     3 ||    32

Table legend: (Time is in decaauts)
 A = Elapsed time spent in this place.
 B = Non-inter-level travel time spent in this place.
 C = Inter-level travel time spent in this place.
 D = Time resting spent in this place.
 E = Time spent auto-exploring this place.
 F = Levels seen in this place.
 G = Mean time per level.
                   A        B        C        D        E       F      G
               +--------+--------+--------+--------+--------+-----+--------+
         Total |   4745 |   4554 |    191 |    736 |   2954 |   6 |  790.8 |
       Dungeon |   4609 |   4444 |    165 |    736 |   2848 |   5 |  921.8 |
        Temple |    135 |    109 |     26 |      0 |    106 |   1 |  135.0 |
               +--------+--------+--------+--------+--------+-----+--------+

Top non-repeatable levels by time:
     D:3: 1660 daAuts
     D:1: 1001 daAuts
     D:2: 952 daAuts
     D:4: 812 daAuts
     D:5: 181 daAuts
  Temple: 135 daAuts
